Construct Section Command Post
Construct Platoon Command Post
Unlock Bishop Self-propelled Artillery
Bishop Self-propelled Artillery
6-pounder Anti-tank Gun Team
Construct Company Command Post
Selects Heavy Armor Battlegroup
Selects Rigorous Vehicle Training
Selects Light Vehicle Withdraw and Refit
Selects Forward Repair Assembly
Bishop Self-propelled Artillery
Selects Churchill Black Prince Heavy Tank
Churchill Black Prince Heavy Tank
Unlock M3 Grant Medium Tanks